 Dungeon Sprint DCSS version 0.27-a0-1287-gca74d27db6 (webtiles) character file.

Game seed: 3943350707006600291

28 mhtbhm the Skirmisher (level 2, 26/30 HPs)
             Began as a Minotaur Berserker on June 15, 2021.
             Was a Believer of Trog.
             Quit the game in the Dungeon (Sprint III: "The Ten Rune Challenge").
             The game lasted 00:00:06 (48 turns).

mhtbhm the Skirmisher (Minotaur Berserker)            Turns: 48, Time: 00:00:07

Health: 26/30      AC:  2    Str: 21    XL:     2   Next: 96%
Magic:  1/1        EV: 12    Int:  4    God:    Trog [**....]
Gold:   0          SH:  0    Dex:  9    Spells: 1/1 levels left

rFire    . . .     SeeInvis .   a - +0 mace
rCold    . . .     Faith    .   (no shield)
rNeg     . . .     Spirit   .   b - +0 animal skin
rPois    .         Reflect  .   (helmet restricted)
rElec    .         Harm     .   (no cloak)
rCorr    .         Rampage  .   (no gloves)
Will     .....     NoTele   +   (no boots)
Stlth    +.........             (no amulet)
HPRegen  0.10/turn              (no ring)
MPRegen  0.07/turn              (no ring)

@: no status effects
A: horns 2, retaliatory headbutt
a: Renounce Religion, Berserk, Trog's Hand


You were in the Dungeon.
You worshipped Trog.
Trog was pleased with you.
You visited 1 branch

Inventory:

Hand Weapons
 a - a +0 mace (weapon)
Armour
 b - a +0 animal skin (worn)
Scrolls
 h - a scroll of blinking
Potions
 c - a potion of curing
 d - a potion of heal wounds
 e - a potion of haste
 f - 2 potions of magic
 g - a potion of berserk rage


   Skills:
 + Level 5.8 Fighting
 + Level 5.8 Maces & Flails
 + Level 3.2 Armour
 + Level 2.9 Dodging


You had one spell level left.
You didn't know any spells.
Your spell library was empty.

Dungeon Overview and Level Annotations

Branches:
Dungeon (1/1)

Altars:


Innate Abilities, Weirdness & Mutations

You have a pair of horns on your head.
You reflexively headbutt those who attack you in melee.


Message History

No target in view!
No target in view!
No target in view!
No target in view!
No target in view!
An endoplasm comes into view.
The endoplasm quivers.
Found 17 bolts.
You hit the endoplasm.
The endoplasm is severely wounded.
The endoplasm freezes you.
You are frozen.
You hit the endoplasm. You headbutt the endoplasm.
You kill the endoplasm!
Trog accepts your kill.
Your Fighting skill increases to level 4!
Your Maces & Flails skill increases to level 4!
No target in view!
Unknown command.
HP restored.
Key pressed, stopping explore.
Jessica the Apprentice Sorceress comes into view.
She is wielding a +0 dagger.
Jessica shouts!
Jessica is nearby!
You hit Jessica. Your headbutt misses Jessica.
Jessica is heavily wounded.
Jessica points at you and mumbles some strange words.
You resist with significant effort. Jessica hits you with a +0 dagger.
You hit Jessica but do no damage. Your headbutt misses Jessica.
Jessica is heavily wounded.
Jessica barely misses you. You furiously retaliate!
You headbutt Jessica!
You kill Jessica!
Trog accepts your kill.
You can now call upon Trog for regeneration and willpower.
Trog appreciates your killing of a magic user.
Your Fighting skill increases to level 5!
Your Maces & Flails skill increases to level 5!
Your Armour skill increases to level 3!
You have reached level 2!
Are you sure you want to abandon this character and quit the game? (Confirm with "yes".)

▓▓▓▓▓▓▓▓▓
▓<..#?..####
▓...#......##
▓..##..@)...#
▓##.##.##...#
##.##.## ..#
▓#.####.# .#
▓.###..## #
▓#.....#
###..##
##..## #..##


There were no monsters in sight!

Vanquished Creatures
  Jessica (D)
  An endoplasm (D)
  A rat (D)
3 creatures vanquished.

Notes
Turn   | Place    | Note
-------+----------+-------------------------------------------
     0 | D        | mhtbhm the Minotaur Berserker began the quest for the Orb.
     0 | D        | Reached XP level 1. HP: 19/19 MP: 0/0
    43 | D        | Noticed Jessica
    47 | D        | Killed Jessica
    47 | D        | Reached ** piety under Trog
    48 | D        | Reached skill level 5 in Fighting
    48 | D        | Reached skill level 5 in Maces & Flails
    48 | D        | Reached XP level 2. HP: 26/30 MP: 1/1
    48 | D        | Quit the game

Illustrated notes

Levels and vault maps discovered:
D:        dungeon_sprint_mu [sprint_mu_entry_cave, sprint_mu_temple_rooms,
          sprint_mu_d1_spiders, sprint_mu_d2_genie, sprint_mu_d3_branching,
          sprint_mu_orc_legion, sprint_mu_elf_gauntlet, sprint_mu_hive_nellie,
          sprint_mu_lair_fedhas, sprint_mu_vaults_butterflies,
          sprint_mu_slime_circle, sprint_mu_swamp_cave, sprint_mu_shoals_archi,
          sprint_mu_blade_basic, sprint_mu_crypt_chambers,
          sprint_mu_tomb_spiral, sprint_mu_vestibule_basic,
          sprint_mu_gehenna_hellfire, sprint_mu_dis_giant,
          sprint_mu_tartarus_statrot, sprint_mu_cocytus_islands, sprint_mu_zot1]

Skill      XL: |  1 |
---------------+----+-----
Fighting       | 5 |  5.8
Maces & Flails | 5 |  5.8
Armour         | 3 |  3.2
Dodging        | |  2.9

Action                   || total
-------------------------++-------
Melee: Mace              ||     5
       Headbutt          ||     1
Dodge: Dodged            ||     1

Table legend: (Time is in decaauts)
 A = Elapsed time spent in this place.
 B = Non-inter-level travel time spent in this place.
 C = Inter-level travel time spent in this place.
 D = Time resting spent in this place.
 E = Time spent auto-exploring this place.
 F = Levels seen in this place.
 G = Mean time per level.
                   A        B        C        D        E       F      G
               +--------+--------+--------+--------+--------+-----+--------+
         Total |     48 |     48 |      0 |      0 |     37 |   1 |   48.0 |
       Dungeon |     48 |     48 |      0 |      0 |     37 |   1 |   48.0 |
               +--------+--------+--------+--------+--------+-----+--------+

Top non-repeatable levels by time:
       D: 48 daAuts
